 Dungeon Sprint DCSS version 0.29-a0-284-gf9362112df (webtiles) character file.

Game seed: 5172408842825726785

18180 mhtbhm the Executioner (level 12, -12/120 HPs)
             Began as a Minotaur Berserker on Mar 20, 2022.
             Was the Champion of Trog.
             Killed from afar by an orb of fire (18 damage)
             ... with a bolt of fire
             ... in the Dungeon (Sprint VII: "The Pits").
             The game lasted 00:05:20 (3727 turns).

mhtbhm the Executioner (Minotaur Berserker)         Turns: 3727, Time: 00:05:20

Health: -12/120    AC: 15    Str: 25    XL:     12   Next: 25%
Magic:  11/11      EV: 14    Int:  4    God:    Trog [******]
Gold:   29         SH:  0    Dex: 12    Spells: 11/11 levels left

rFire   + . .      SeeInvis .   a - +2 executioner's axe (flame)
rCold   . . .      Faith    .   (shield currently unavailable)
rNeg    . . .      Spirit   .   b - +2 scale mail {rF+}
rPois   +          Reflect  .   (helmet restricted)
rElec   .          Harm     .   (no cloak)
rCorr   .          Rampage  .   (no gloves)
Will    .....      NoTele   +   (no boots)
Stlth   +.........              (no amulet)
HPRegen 0.30/turn               x - ring of poison resistance
MPRegen 0.12/turn               l - +3 ring of protection

@: on berserk cooldown, slowed, very slow
A: horns 2, retaliatory headbutt, frail 1
a: Renounce Religion, Berserk, Trog's Hand, Brothers in Arms


You were in the Dungeon.
You worshipped Trog.
Trog was exalted by your worship.
You visited 1 branch You collected 29 gold pieces.

Inventory:

Hand Weapons
 a - a +2 executioner's axe of flaming (weapon)
 m - a +4 vorpal battleaxe
Missiles
 n - 8 javelins (quivered)
 o - 5 throwing nets
Armour
 b - a +2 scale mail of fire resistance (worn)
Jewellery
 l - a +3 ring of protection (right hand)
 x - a ring of poison resistance (left hand)
 z - a ring of resist corrosion
Scrolls
 j - a scroll of summoning
 p - 3 scrolls of enchant armour
 q - 4 scrolls of enchant weapon
 r - a scroll of fear
 t - 2 scrolls of fog
 v - a scroll of identify
Potions
 c - 10 potions of curing
 d - 13 potions of heal wounds
 e - a potion of haste
 f - 4 potions of magic
 g - 4 potions of berserk rage
 i - 2 potions of invisibility
 s - a potion of might
 u - a potion of mutation
 w - a potion of resistance
Miscellaneous
 k - a box of beasts
 y - a phial of floods


   Skills:
 + Level 20.6 Fighting
 + Level 24.8 Axes
 + Level 14.9 Armour
 + Level 10.9 Dodging
 + Level 2.7 Stealth


You had 11 spell levels left.
You didn't know any spells.
Your spell library was empty.

Dungeon Overview and Level Annotations

Branches:
Dungeon (1/1)

Altars:
Ashenzari
Cheibriados
Dithmenos
Elyvilon
Fedhas
Gozag
Hepliaklqana
Kikubaaqudgha
Makhleb
Nemelex Xobeh
Okawaru
Qazlal
Ru
Sif Muna
Trog
Uskayaw
Vehumet
Wu Jian
Xom
Yredelemnul
Zin
The Shining One
Beogh
Jiyva
Lugonu


Innate Abilities, Weirdness & Mutations

You have a pair of horns on your head.
You reflexively headbutt those who attack you in melee.
You are frail. (-10% HP)


Message History

The orb of fire is lightly damaged.
You barely miss the orb of fire. Your headbutt misses the orb of fire.
The orb of fire is lightly damaged.
You slice the orb of fire!! Your headbutt misses the orb of fire.
The orb of fire is moderately damaged.
You miss the orb of fire. Your headbutt misses the orb of fire.
The orb of fire is moderately damaged.
The orb of fire glows yellow.
The bolt of fire hits you!! You resist.
* * * LOW HITPOINT WARNING * * *
You miss the orb of fire. Your headbutt misses the orb of fire.
The orb of fire is moderately damaged.
You closely miss the orb of fire.
The orb of fire is moderately damaged.
You miss the orb of fire. Your headbutt misses the orb of fire.
The orb of fire is moderately damaged.
You closely miss the orb of fire.
The orb of fire is moderately damaged.
The orb of fire glows red.
The fireball explodes!
The fireball engulfs you!!! You resist.
* * * LOW HITPOINT WARNING * * *
The fireball engulfs the orb of fire.
The orb of fire completely resists.
You closely miss the orb of fire. You headbutt the orb of fire!!
The orb of fire is moderately damaged.
You are no longer berserk.
You are exhausted.
You feel yourself slow down.
Unknown command.
Unknown command.
Blink to where?
Press: ? - help, Dir - move target
As you read the scroll of blinking, it crumbles to dust.
Blink to where?
Press: ? - help, Dir - move target
As you read the scroll of blinking, it crumbles to dust.
Your stone giant goes berserk!
Your troll goes berserk!
The orb of fire glows red.
The bolt of fire hits your troll!!! The bolt of fire hits you!! You resist.
You die...

#+# #.# #'#
##############################'#
................@.T...*....*..ยง#
....)...........C..............#
#############++##############..#
#[)# #..# #..# #..# #..# #..#


You could see an orb of fire (ally target), a friendly stone giant (summoned,
berserk) and a friendly troll (summoned, berserk).

Vanquished Creatures
  An emperor scorpion (D)
  2 minotaurs (D)
  Harold (D)
  A two-headed ogre (D)
  A shadow wraith (D)
  A sea snake (D)
  A deep troll (D)
  2 flayed ghosts (D)
  A bog body (D)
  2 lindwurms (D)
  2 orc knights (D)
  A necromancer (D)
  A deep elf zephyrmancer (D)
  A gargoyle (D)
  2 smoke demons (D)
  A demonic crawler (D)
  2 kobold demonologists (D)
  A freezing wraith (D)
  A guardian mummy (D)
  A red devil (D)
  14 blink frogs (D)
  A shadow (D)
  2 air elementals (D)
  A spriggan (D)
  A ynoxinul (D)
  A wraith (D)
  A jumping spider (D)
  3 fire elementals (D)
  A steam dragon (D)
  2 wargs (D)
  3 floating eyes (D)
  3 orc warriors (D)
  3 ice beasts (D)
  2 swamp drakes (D)
  An ogre (D)
  2 kobold brigands (D)
  A scorpion (D)
  A necrophage (D)
  A small abomination (D)
  5 wights (D)
  A hound (D)
  Terence (D)
  3 orc wizards (D)
  An iguana (D)
  A hell rat (D)
  A mummy (D)
  A gnoll (D)
  A river rat (D)
  A white imp (D)
  An ufetubus (D)
  An adder zombie (D)
  An adder simulacrum (D)
  6 orcs (D)
  A bat zombie (D)
  An endoplasm (D)
  A giant cockroach (D)
  A hobgoblin (D)
  3 jackals (D)
  4 kobolds (D)
  A ball python zombie (D)
  A bat (D)
  A bat simulacrum (D)
  2 rats (D)
111 creatures vanquished.

Vanquished Creatures (others)
  A swamp dragon (D)
  A black mamba (D)
  An adder zombie (D)
  A quokka simulacrum (D)
4 creatures vanquished.

Grand Total: 115 creatures vanquished

Notes
Turn   | Place    | Note
-------+----------+-------------------------------------------
     0 | D        | mhtbhm the Minotaur Berserker began the quest for the Orb.
     0 | D        | Reached XP level 1. HP: 19/19 MP: 0/0
    16 | D        | Reached skill level 4 in Axes
   217 | D        | Found a bloodstained altar of Trog.
   217 | D        | Found a shimmering blue altar of Sif Muna.
   217 | D        | Found a viscous altar of Jiyva.
   217 | D        | Found a hazy altar of Hepliaklqana.
   217 | D        | Found an opulent altar of Gozag.
   218 | D        | Found a glowing golden altar of the Shining One.
   218 | D        | Found a glowing silver altar of Zin.
   218 | D        | Found a basalt altar of Yredelemnul.
   218 | D        | Found a shimmering altar of Xom.
   218 | D        | Found an ornate altar of the Wu Jian Council.
   218 | D        | Found a sacrificial altar of Ru.
   218 | D        | Found a stormy altar of Qazlal.
   218 | D        | Found an iron altar of Okawaru.
   218 | D        | Found a sparkling altar of Nemelex Xobeh.
   218 | D        | Found a burning altar of Makhleb.
   218 | D        | Found a blossoming altar of Fedhas.
   218 | D        | Found a white marble altar of Elyvilon.
   218 | D        | Found a shadowy altar of Dithmenos.
   218 | D        | Found a snail-covered altar of Cheibriados.
   221 | D        | Found a corrupted altar of Lugonu.
   221 | D        | Found a radiant altar of Vehumet.
   263 | D        | Reached ** piety under Trog
   264 | D        | Reached XP level 2. HP: 23/28 MP: 1/1
   317 | D        | Noticed a floating eye
   320 | D        | Paralysed by a floating eye for 2 turns
   323 | D        | Reached skill level 5 in Fighting
   323 | D        | Reached skill level 5 in Axes
   329 | D        | Killed a floating eye
   330 | D        | Reached skill level 8 in Axes
   330 | D        | Reached XP level 3. HP: 29/40 MP: 2/2
   330 | D        | Reached XP level 4. HP: 35/48 MP: 3/3
   415 | D        | Reached *** piety under Trog
   421 | D        | Noticed a scorpion
   423 | D        | Killed a scorpion
   423 | D        | Reached **** piety under Trog
   424 | D        | Reached skill level 9 in Axes
   424 | D        | Reached XP level 5. HP: 52/56 MP: 4/4
   496 | D        | Reached skill level 10 in Axes
   496 | D        | Reached skill level 5 in Armour
   496 | D        | Reached skill level 5 in Dodging
   498 | D        | Reached ***** piety under Trog
   499 | D        | Reached XP level 6. HP: 66/66 MP: 5/5
   499 | D        | Noticed a floating eye
   503 | D        | Reached skill level 10 in Fighting
   503 | D        | Reached skill level 11 in Axes
   504 | D        | Paralysed by a floating eye for 2 turns
   509 | D        | Killed a floating eye
   513 | D        | Reached skill level 12 in Axes
   513 | D        | Reached XP level 7. HP: 24/74 MP: 6/6
   518 | D        | Received a gift from Trog
   695 | D        | Noticed a shadow
   698 | D        | Killed a shadow
   699 | D        | Reached skill level 13 in Axes
   785 | D        | Noticed an orc knight
   785 | D        | Noticed a blink frog
   785 | D        | Noticed a blink frog
   785 | D        | Noticed a blink frog
   785 | D        | Noticed a blink frog
   785 | D        | Noticed a blink frog
   788 | D        | Received a gift from Trog
   789 | D        | Reached skill level 14 in Axes
   790 | D        | Killed a blink frog
   790 | D        | Reached ****** piety under Trog
   791 | D        | Reached XP level 8. HP: 86/86 MP: 2/7
   794 | D        | Killed a blink frog
   795 | D        | Reached skill level 15 in Axes
   797 | D        | Killed a blink frog
   806 | D        | Killed an orc knight
   807 | D        | Reached skill level 16 in Axes
   807 | D        | Reached XP level 9. HP: 74/95 MP: 2/8
   813 | D        | Received a gift from Trog
   814 | D        | Reached skill level 17 in Axes
  1086 | D        | Found a hide-covered altar of Uskayaw.
  1086 | D        | Found an ancient bone altar of Kikubaaqudgha.
  1086 | D        | Found a broken altar of Ashenzari.
  1115 | D        | Noticed a sea snake
  1115 | D        | Noticed a demonic crawler
  1122 | D        | Killed a sea snake
  1123 | D        | Reached skill level 18 in Axes
  1123 | D        | Reached skill level 1 in Stealth
  1125 | D        | Killed a demonic crawler
  1126 | D        | Reached skill level 15 in Fighting
  1131 | D        | Noticed a guardian mummy
  1143 | D        | Killed a guardian mummy
  1443 | D        | Noticed a freezing wraith
  1443 | D        | Paralysed by an air elemental for 1 turns
  1446 | D        | Paralysed by an air elemental for 1 turns
  1453 | D        | Killed a freezing wraith
  1453 | D        | Received a gift from Trog
  1454 | D        | Reached skill level 19 in Axes
  1454 | D        | Reached XP level 10. HP: 106/106 MP: 3/9
  1646 | D        | Noticed a gargoyle
  1653 | D        | Killed a gargoyle
  1654 | D        | Reached skill level 10 in Armour
  1664 | D        | Noticed a minotaur
  1672 | D        | Killed a minotaur
  1675 | D        | Reached skill level 20 in Axes
  1958 | D        | Noticed a lindwurm
  1958 | D        | Noticed a minotaur
  1962 | D        | Killed a lindwurm
  1977 | D        | Killed a minotaur
  2257 | D        | Noticed Terence
  2261 | D        | Killed Terence
  2336 | D        | Noticed Harold
  2338 | D        | Received a gift from Trog
  2348 | D        | Killed Harold
  2349 | D        | Reached skill level 21 in Axes
  2349 | D        | Reached skill level 10 in Dodging
  2537 | D        | Reached XP level 11. HP: 91/117 MP: 10/10
  2538 | D        | Received a gift from Trog
  2658 | D        | Killed a shadow wraith
  2744 | D        | Received a gift from Trog
  2752 | D        | Reached skill level 22 in Axes
  2789 | D        | Paralysed by an air elemental for 1 turns
  2845 | D        | Noticed an emperor scorpion
  2852 | D        | Received a gift from Trog
  2854 | D        | Killed an emperor scorpion
  2963 | D        | Noticed a flayed ghost
  2966 | D        | Noticed a necromancer
  2967 | D        | Noticed a swamp dragon
  2969 | D        | Received a gift from Trog
  2972 | D        | Killed a swamp dragon
  2972 | D        | Noticed a bog body
  2973 | D        | Killed a flayed ghost
  2974 | D        | Reached skill level 23 in Axes
  2979 | D        | Killed a necromancer
  2980 | D        | Killed a bog body
  2980 | D        | Received a gift from Trog
  3202 | D        | Noticed a deep elf zephyrmancer
  3202 | D        | Noticed a two-headed ogre
  3204 | D        | Noticed a lindwurm
  3210 | D        | Noticed a deep troll
  3211 | D        | Killed a deep elf zephyrmancer
  3211 | D        | Received a gift from Trog
  3211 | D        | Killed a lindwurm
  3212 | D        | Reached skill level 24 in Axes
  3212 | D        | Reached XP level 12. HP: 132/132 MP: 11/11
  3218 | D        | Killed a two-headed ogre
  3220 | D        | Received a gift from Trog
  3450 | D        | Found the +3 hat of Pondering {ponderous, Will+ MP+10
                  | Int+5}
  3701 | D        | Noticed an orb of fire
  3703 | D        | Gained mutation: You are frail. (-10% HP) [an orb of fire]
  3722 | D        | HP: 6/180 [orb of fire/fireball (39)]
  3727 | D        | Killed from afar by an orb of fire

Illustrated notes

Levels and vault maps discovered:
D:        pitsprint [storerooms_1, entrance_room_1, metal_vault_6, armoury_1,
          mini_pit_1, grid_room_1, main_hall_1, silver_pit, the_coven_3,
          the_vestibule_1, steel_vault_1, golden_pit, hallway_of_sentries,
          crystal_vault_2, iron_vault_1, final_vault]

Skill      XL: |  1  2  3  4  5  6  7  8  9 10 11 12 |
---------------+-------------------------------------+-----
Fighting       | 4 7 8 9 11 13 14 15 17 19 20 | 20.6
Axes           | 4 8 9 10 12 14 16 19 21 24 | 24.8
Armour         | 4 5 6 7 8 9 12 14 | 14.9
Dodging        | 4 5 6 7 8 9 10 | 10.9
Stealth        | 1 2 |  2.7

Action                   |  1- 3 |  4- 6 |  7- 9 | 10-12 || total
-------------------------+-------+-------+-------+-------++-------
Melee: Hand axe          |    21 |    27 |     5 |       ||    53
       Headbutt          |     3 |     8 |     3 |    24 ||    38
       Punch             |       |     1 |     1 |       ||     2
       Battleaxe         |       |       |    61 |    56 ||   117
       Executioner's axe |       |       |       |   104 ||   104
Invok: Berserk           |       |     1 |     3 |     5 ||     9
       Brothers in Arms  |       |       |       |     2 ||     2
  Use: Potion            |       |       |     2 |       ||     2
       Scroll            |       |       |       |     2 ||     2
Armor: Animal skin       |     5 |       |       |       ||     5
       Scale mail        |       |    13 |     9 |    30 ||    52
       Chain mail        |       |       |    14 |    21 ||    35
Dodge: Dodged            |    16 |    18 |    24 |    62 ||   120

Table legend: (Time is in decaauts)
 A = Elapsed time spent in this place.
 B = Non-inter-level travel time spent in this place.
 C = Inter-level travel time spent in this place.
 D = Time resting spent in this place.
 E = Time spent auto-exploring this place.
 F = Levels seen in this place.
 G = Mean time per level.
                   A        B        C        D        E       F      G
               +--------+--------+--------+--------+--------+-----+--------+
         Total |   3750 |   3750 |      0 |   2671 |     78 |   1 | 3750.0 |
       Dungeon |   3750 |   3750 |      0 |   2671 |     78 |   1 | 3750.0 |
               +--------+--------+--------+--------+--------+-----+--------+

Top non-repeatable levels by time:
       D: 3750 daAuts
